 Dungeon Crawl Stone Soup version 0.21-a0-536-gdbbf329 (webtiles) character file.

373 tidbits the Digger (level 6, -3/44 HPs)
             Began as a Gnoll Earth Elementalist on Dec 15, 2017.
             Slain by a big kobold zombie (5 damage)
             ... in an ossuary.
             The game lasted 00:09:49 (883 turns).

tidbits the Digger (Gnoll Earth Elementalist)        Turns: 883, Time: 00:09:50

Health: -3/44      AC:  2    Str:  9 (11) XL:     6   Next: 71%
Magic:  6/14       EV: 14    Int: 16 (19) God:
Gold:   47         SH:  0    Dex: 12 (15) Spells: 12/15 levels left

rFire    + . .     SeeInvis .   r - +0 rapier
rCold    . . .     Gourm    .   (no shield)
rNeg     . . .     Faith    .   d - +0 robe
rPois    .         Spirit   .   (no helmet)
rElec    .         Reflect  .   (no cloak)
rCorr    .         Harm     .   (no gloves)
MR       .....                  (no boots)
Stlth    +++.......             (no amulet)
HPRegen  0.14/turn              x - ring of protection from fire
MPRegen  0.14/turn              (no ring)

@: no status effects
A: distributed training, fangs 1, strong nose
a: no special abilities


You were in an ossuary.
You were full.

You visited 1 branch of the dungeon, and saw 5 of its levels.
You also visited: Ossuary.

You collected 135 gold pieces.
You spent 88 gold pieces at shops.

Inventory:

Hand Weapons
 a - a +0 dagger
 g - a +0 hunting sling
 i - a +0 whip
 r - a +0 rapier (weapon)
Missiles
 b - 32 stones (quivered)
Armour
 d - a +0 robe (worn)
Jewellery
 x - a ring of protection from fire (left hand)
   (You found it on level 4 of the Dungeon)
Wands
 y - a wand of paralysis (14)
Scrolls
 h - 3 scrolls of fog {unknown}
 j - a scroll of enchant weapon {unknown}
 k - 3 scrolls of identify {unknown}
 n - a scroll of blinking {unknown}
 p - a scroll of fear {unknown}
 s - 2 scrolls of immolation
 u - a scroll of teleportation {unknown}
 w - a scroll of amnesia {unknown}
Potions
 l - a potion of degeneration
 m - 2 potions of curing
 q - 2 potions of flight
 t - a potion of agility {unknown}
Books
 e - a book of Geomancy

   Spells                             Type                      Level
   a - Sandblast                      Earth                        1
   b - Passwall                       Transmutation/Earth          2
   c - Stone Arrow                    Conjuration/Earth            3
   d - Petrify                        Transmutation/Earth          4
   e - Lee's Rapid Deconstruction     Earth                        5
Comestibles
 c - 4 bread rations
 o - a meat ration
 v - a royal jelly


   Skills:
 + Level 2.0 Fighting
 + Level 2.0 Short Blades
 + Level 2.0 Long Blades
 + Level 2.0 Axes
 + Level 2.0 Maces & Flails
 + Level 2.0 Polearms
 + Level 2.0 Staves
 + Level 2.0 Slings
 + Level 2.0 Bows
 + Level 2.0 Crossbows
 + Level 2.0 Throwing
 + Level 2.0 Armour
 + Level 5.0 Dodging
 + Level 4.6 Stealth
 + Level 2.0 Shields
 + Level 2.0 Unarmed Combat
 + Level 5.4 Spellcasting
 + Level 1.6 Conjurations
 + Level 1.6 Hexes
 + Level 1.6 Charms
 + Level 1.6 Summonings
 + Level 1.6 Necromancy
 + Level 1.6 Translocations
 + Level 2.7 Transmutations
 + Level 1.6 Fire Magic
 + Level 1.6 Ice Magic
 + Level 1.6 Air Magic
 + Level 5.7 Earth Magic
 + Level 1.6 Poison Magic
 + Level 2.2 Invocations
 + Level 2.0 Evocations


You had 12 spell levels left.
You knew the following spells:

 Your Spells              Type           Power        Failure   Level  Hunger
a - Sandblast             Erth           ###...       1%          1    None
w - Passwall              Tmut/Erth      ###.......   3%          2    #......


Dungeon Overview and Level Annotations

Branches:
Dungeon (5/15)
 Temple: D:4-7

Altars:

Shops:
D:4 *

Annotations:
D:5 Pikel


Innate Abilities, Weirdness & Mutations

Your experience applies equally to all skills.
You have very sharp teeth.
Your uncanny sense of smell can sniff out nearby items.


Message History

The water moccasin zombie is almost destroyed.
b - 39 stones The water moccasin zombie barely misses you.
The water moccasin zombie bites you.
* * * LOW HITPOINT WARNING * * *
Casting: Sandblast
Confirm with . or Enter, or press ? or * to list all spells.
Aiming: Sandblast
Press: ? - help, Shift-Dir - straight line, f/p - water moccasin zombie
Aim: a water moccasin zombie (almost destroyed)
The blast of sand hits the water moccasin zombie.
You destroy the water moccasin zombie!
Your Fighting skill increases to level 2!
Your Short Blades skill increases to level 2!
Your Long Blades skill increases to level 2!
Your Axes skill increases to level 2!
Your Maces & Flails skill increases to level 2!
Your Polearms skill increases to level 2!
Your Staves skill increases to level 2!
Your Slings skill increases to level 2!
Your Bows skill increases to level 2!
Your Crossbows skill increases to level 2!
Your Throwing skill increases to level 2!
Your Armour skill increases to level 2!
Your Dodging skill increases to level 5!
Your Shields skill increases to level 2!
Your Unarmed Combat skill increases to level 2!
Your Evocations skill increases to level 2!
b - 38 stones You hit the big kobold zombie.
The big kobold zombie is lightly damaged.
The big kobold zombie hits you.
* * * LOW HITPOINT WARNING * * *
You barely miss the big kobold zombie.
The big kobold zombie is lightly damaged.
The big kobold zombie closely misses you.
You barely miss the big kobold zombie.
The big kobold zombie is lightly damaged.
The big kobold zombie misses you.
Casting: Sandblast
Confirm with . or Enter, or press ? or * to list all spells.
You don't know that spell.
Unknown command.
Unknown command.
Press: ? - help, v - describe, . - travel
Here: a big kobold zombie (lightly damaged)
An open door.
Casting: Sandblast
Confirm with . or Enter, or press ? or * to list all spells.
Aiming: Sandblast
Press: ? - help, Shift-Dir - straight line, f - big kobold zombie
Aim: a big kobold zombie (lightly damaged)
The blast of sand hits the big kobold zombie.
The big kobold zombie is moderately damaged.
b - 37 stones The big kobold zombie hits you.
* * * LOW HITPOINT WARNING * * *
Casting: Sandblast
Confirm with . or Enter, or press ? or * to list all spells.
Aiming: Sandblast
Press: ? - help, Shift-Dir - straight line, f/p - big kobold zombie
Aim: a big kobold zombie (moderately damaged)
The blast of sand hits the big kobold zombie.
The big kobold zombie is heavily damaged.
b - 36 stones The big kobold zombie hits you.
* * * LOW HITPOINT WARNING * * *
Casting: Sandblast
Confirm with . or Enter, or press ? or * to list all spells.
Aiming: Sandblast
Press: ? - help, Shift-Dir - straight line, f/p - big kobold zombie
Aim: a big kobold zombie (heavily damaged)
The blast of sand hits the big kobold zombie.
The big kobold zombie is almost destroyed.
b - 35 stones
Casting: Sandblast
Confirm with . or Enter, or press ? or * to list all spells.
Aiming: Sandblast
Press: ? - help, Shift-Dir - straight line, f/p - big kobold zombie
Aim: a big kobold zombie (almost destroyed)
The blast of sand hits the big kobold zombie.
You destroy the big kobold zombie!
b - 34 stones
Casting: Sandblast
Confirm with . or Enter, or press ? or * to list all spells.
Aiming: Sandblast
Press: ? - help, Shift-Dir - straight line, f - big kobold zombie
Aim: a big kobold zombie The blast of sand hits the big kobold zombie.
The big kobold zombie is lightly damaged.
b - 33 stones
Casting: Sandblast
Confirm with . or Enter, or press ? or * to list all spells.
Aiming: Sandblast
Press: ? - help, Shift-Dir - straight line, f/p - big kobold zombie
Aim: a big kobold zombie (lightly damaged)
The blast of sand hits the big kobold zombie.
The big kobold zombie is heavily damaged.
b - 32 stones The big kobold zombie hits you.
You die...

#...# ##'## #...#
#...# #...# #...#
###'########## ###
#..^#...#^^^.#...+
#^.^'...#..^@Z...#
#.^.#...'....#...#
############## ###


You could see a big kobold zombie.

Vanquished Creatures
  An ogre (D:4)
  A water moccasin zombie (Ossuary)
  A scorpion (D:4)
  3 worker ants (D:4)
  A big kobold zombie (Ossuary)
  2 adders
  3 adder zombies (Ossuary)
  A worm (D:4)
  3 dart slugs
  2 leopard geckos
  An orc (D:4)
  A giant cockroach (D:2)
  4 goblins
  3 hobgoblins
  4 jackals (D:2)
  A ball python (D:4)
  7 bats
  A frilled lizard (D:1)
  A gnoll zombie (Ossuary)
  2 hobgoblin zombies (Ossuary)
  8 kobolds
  3 kobold zombies (Ossuary)
  4 orc zombies (Ossuary)
  6 rats
64 creatures vanquished.

Notes
Turn   | Place    | Note
-------+----------+-------------------------------------------
     0 | D:1      | tidbits the Gnoll Earth Elementalist began the quest for the Orb.
     0 | D:1      | Reached XP level 1. HP: 13/13 MP: 6/6
    43 | D:1      | Reached skill level 2 in Transmutations
    43 | D:1      | Reached XP level 2. HP: 19/19 MP: 3/7
    51 | D:1      | Learned a level 2 spell: Passwall
   167 | D:1      | Reached XP level 3. HP: 24/25 MP: 3/9
   205 | D:2      | Reached skill level 5 in Spellcasting
   265 | D:2      | Reached skill level 1 in Invocations
   409 | D:3      | Reached skill level 1 in Fighting
   409 | D:3      | Reached skill level 1 in Short Blades
   409 | D:3      | Reached skill level 1 in Long Blades
   409 | D:3      | Reached skill level 1 in Axes
   409 | D:3      | Reached skill level 1 in Maces & Flails
   409 | D:3      | Reached skill level 1 in Polearms
   409 | D:3      | Reached skill level 1 in Staves
   409 | D:3      | Reached skill level 1 in Slings
   409 | D:3      | Reached skill level 1 in Bows
   409 | D:3      | Reached skill level 1 in Crossbows
   409 | D:3      | Reached skill level 1 in Throwing
   409 | D:3      | Reached skill level 1 in Armour
   409 | D:3      | Reached skill level 1 in Shields
   409 | D:3      | Reached skill level 1 in Unarmed Combat
   409 | D:3      | Reached skill level 1 in Evocations
   450 | D:3      | Reached XP level 4. HP: 30/32 MP: 4/11
   588 | D:4      | Found Gaezxom's Assorted Antiques.
   594 | D:4      | Bought a sapphire potion for 28 gold pieces
   594 | D:4      | Bought a ruby potion for 28 gold pieces
   594 | D:4      | Bought a scroll labeled COAF UNUACZILI for 32 gold pieces
   607 | D:4      | Reached skill level 1 in Conjurations
   607 | D:4      | Reached skill level 1 in Hexes
   607 | D:4      | Reached skill level 1 in Charms
   607 | D:4      | Reached skill level 1 in Summonings
   607 | D:4      | Reached skill level 1 in Necromancy
   607 | D:4      | Reached skill level 1 in Translocations
   607 | D:4      | Reached skill level 1 in Fire Magic
   607 | D:4      | Reached skill level 1 in Ice Magic
   607 | D:4      | Reached skill level 1 in Air Magic
   607 | D:4      | Reached skill level 1 in Poison Magic
   623 | D:4      | Reached XP level 5. HP: 31/37 MP: 8/12
   709 | D:4      | Noticed an ogre
   713 | D:4      | Killed an ogre
   713 | D:4      | Reached skill level 2 in Invocations
   713 | D:4      | Reached XP level 6. HP: 27/44 MP: 10/14
   734 | D:5      | Entered Level 5 of the Dungeon
   734 | D:5      | Noticed a slave
   734 | D:5      | Noticed a slave
   734 | D:5      | Noticed a slave
   735 | D:5      | Found a sand-covered staircase.
   735 | D:5      | Noticed Pikel
   735 | D:5      | Noticed a slave
   745 | Ossuary  | Entered an ossuary
   874 | Ossuary  | Reached skill level 2 in Fighting
   874 | Ossuary  | Reached skill level 2 in Short Blades
   874 | Ossuary  | Reached skill level 2 in Long Blades
   874 | Ossuary  | Reached skill level 2 in Axes
   874 | Ossuary  | Reached skill level 2 in Maces & Flails
   874 | Ossuary  | Reached skill level 2 in Polearms
   874 | Ossuary  | Reached skill level 2 in Staves
   874 | Ossuary  | Reached skill level 2 in Slings
   874 | Ossuary  | Reached skill level 2 in Bows
   874 | Ossuary  | Reached skill level 2 in Crossbows
   874 | Ossuary  | Reached skill level 2 in Throwing
   874 | Ossuary  | Reached skill level 2 in Armour
   874 | Ossuary  | Reached skill level 5 in Dodging
   874 | Ossuary  | Reached skill level 2 in Shields
   874 | Ossuary  | Reached skill level 2 in Unarmed Combat
   874 | Ossuary  | Reached skill level 2 in Evocations
   879 | Ossuary  | HP: 1/44 [big kobold zombie (5)]
   883 | Ossuary  | Slain by a big kobold zombie

Vault maps used:
D:1:      saegor_arrival_simple_c, kennysheep_small_spiral
D:2:      minmay_misc_feat_doors
D:3:      grunt_dithmenos_smoke_and_mirrors, lemuel_round_altar
D:4:      nicolae_tso_swordbearing_angel, old_standard_altar,
          lightli_temple_of_fire, serial_shops, kennysheep_mini, first_bread,
          wad_floor_pattern_2, uniq_natasha
D:5:      elyvilon_altar_4, lightli_sewer_entry_pipes,
          nicolae_ossuary_entry_monument, kennysheep_generic_room_12,
          uniq_grinder, uniq_duvessa, uniq_pikel
Ossuary:  ossuary_tomb_2

Skill      XL: |  1  2  3  4  5  6 |
---------------+-------------------+-----
Transmutations | 2 |  2.7
Spellcasting   | 5 |  5.4
Invocations    | 1 2 |  2.2
Fighting       | 1 2 |  2.0
Short Blades   | 1 2 |  2.0
Long Blades    | 1 2 |  2.0
Axes           | 1 2 |  2.0
Maces & Flails | 1 2 |  2.0
Polearms       | 1 2 |  2.0
Staves         | 1 2 |  2.0
Slings         | 1 2 |  2.0
Bows           | 1 2 |  2.0
Crossbows      | 1 2 |  2.0
Throwing       | 1 2 |  2.0
Armour         | 1 2 |  2.0
Shields        | 1 2 |  2.0
Unarmed Combat | 1 2 |  2.0
Evocations     | 1 2 |  2.0
Conjurations   | 1 |  1.6
Hexes          | 1 |  1.6
Charms         | 1 |  1.6
Summonings     | 1 |  1.6
Necromancy     | 1 |  1.6
Translocations | 1 |  1.6
Fire Magic     | 1 |  1.6
Ice Magic      | 1 |  1.6
Air Magic      | 1 |  1.6
Poison Magic   | 1 |  1.6
Dodging        | 5 |  5.0
Stealth        | |  4.6
Earth Magic    | |  5.7

Action                   |  1- 3 |  4- 6 || total
-------------------------+-------+-------++-------
Melee: Dagger            |    21 |     8 ||    29
       Rapier            |       |    33 ||    33
       Unarmed           |       |    18 ||    18
       Bite              |       |     5 ||     5
       Punch             |       |     1 ||     1
 Cast: Sandblast         |    34 |    36 ||    70
       Passwall          |     5 |     1 ||     6
  Use: Scroll            |       |     1 ||     1
       Potion            |       |     4 ||     4
 Stab: Sleeping          |     5 |     1 ||     6
  Eat: Fruit             |     6 |       ||     6
Armor: Robe              |     5 |     6 ||    11
       Skin              |       |    13 ||    13
Dodge: Dodged            |    21 |    34 ||    55

Table legend:
 A = Spawn XP
 B = Non-spawn XP
 C = Spawn XP percentage of total XP
 D = Spawn monster count
 E = Non-spawn monster count
 F = Spawn count percentage of total count
 G = Total turns spent on level
                    A         B        C        D         E        F      G
               +---------+---------+-------+---------+---------+-------+---------
         Total |       0 |     533 |   0.0 |       0 |      64 |   0.0 |   883
               +---------+---------+-------+---------+---------+-------+---------
           D:1 |       0 |      34 |   0.0 |       0 |      19 |   0.0 |   218
           D:2 |       0 |      41 |   0.0 |       0 |      15 |   0.0 |   185
           D:3 |       0 |      23 |   0.0 |       0 |       7 |   0.0 |   149
           D:4 |       0 |     300 |   0.0 |       0 |       8 |   0.0 |   182
       Ossuary |       0 |     135 |   0.0 |       0 |      15 |   0.0 |   138
               +---------+---------+-------+---------+---------+-------+---------

Table legend:
 A = Turns spent in this place as a percentage of turns spent in the entire game.
 B = Non-inter-level travel turns spent in this place as a percentage of non-inter-level travel turns spent in the entire game.
 C = Inter-level travel turns spent in this place as a percentage of turns spent in this place.
 D = Turns resting spent in this place as a percentage of non-inter-level travel turns spent in this place.
 E = Turns spent auto-exploring this place as a percentage of non-inter-level travel turns spent in this place.
 F = Non-inter-level travel turns spent in this place divided by the number of levels of this place that you've seen.
                   A       B       C       D       E      F
               +-------+-------+-------+-------+-------+----------------------
         Total | 100.0 | 100.0 |   0.0 |   0.0 |   0.0 | 147.2
       Dungeon |  84.4 |  84.4 |   0.0 |   0.0 |   0.0 | 149.0
       Ossuary |  15.6 |  15.6 |   0.0 |   0.0 |   0.0 | 138.0
               +-------+-------+-------+-------+-------+----------------------

Table legend:
 A = Kills in this place as a percentage of kills in entire the game.
 B = Kills by you in this place as a percentage of kills by you in the entire game.
 C = Kills by friends in this place as a percentage of kills by friends in the entire game.
 D = Other kills in this place as a percentage of other kills in the entire game.
 E = Experience gained in this place as a percentage of experience gained in the entire game.
 F = Experience gained in this place divided by the number of levels of this place that you have seen.
                   A       B       C       D       E      F
               +-------+-------+-------+-------+-------+----------------------
         Total | 100.0 | 100.0 |   N/A |   N/A | 100.0 |  88.8
       Dungeon |  76.6 |  76.6 |   N/A |   N/A |  74.7 |  79.6
       Ossuary |  23.4 |  23.4 |   N/A |   N/A |  25.3 | 135.0
               +-------+-------+-------+-------+-------+----------------------

Vault maps used:
D:1:      saegor_arrival_simple_c, kennysheep_small_spiral
D:2:      minmay_misc_feat_doors
D:3:      grunt_dithmenos_smoke_and_mirrors, lemuel_round_altar
D:4:      nicolae_tso_swordbearing_angel, old_standard_altar,
          lightli_temple_of_fire, serial_shops, kennysheep_mini, first_bread,
          wad_floor_pattern_2, uniq_natasha
D:5:      elyvilon_altar_4, lightli_sewer_entry_pipes,
          nicolae_ossuary_entry_monument, kennysheep_generic_room_12,
          uniq_grinder, uniq_duvessa, uniq_pikel
Ossuary:  ossuary_tomb_2
